 Dungeon Crawl Stone Soup version 0.19.5 (webtiles) character file.

1313 Keye the Destroyer (level 8, -8/41 HPs)
             Began as a Deep Elf Conjurer on May 7, 2017.
             Mangled by Duvessa
             ... wielding a +0 rapier
              (13 damage)
             ... on level 6 of the Dungeon.
             The game lasted 00:21:10 (6734 turns).

Keye the Destroyer (Deep Elf Conjurer)              Turns: 6734, Time: 00:21:10

Health: -8/41      AC:  5    Str:  7    XL:     8   Next: 32%
Magic:  5/14       EV: 13    Int: 21    God:
Gold:   261        SH:  0    Dex: 15    Spells: 4 memorised, 3 levels left

rFire  . . .     SeeInvis .     B - +4 mace (protect)
rCold  . . .     Gourm    .     a - +0 robe
rNeg   . . .     Faith    .     (no shield)
rPois  .         Spirit   .     (no helmet)
rElec  .         Reflect  .     H - +2 cloak {+Inv}
rCorr  .         Harm     .     (no gloves)
MR     .....                    (no boots)
Stlth  ++........               (no amulet)
                                (no ring)
                                p - ring of wizardry

@: very slightly contaminated
A: no striking features
a: Evoke Invisibility


You were on level 6 of the Dungeon.
You were not hungry.

You visited 1 branch of the dungeon, and saw 6 of its levels.

You collected 261 gold pieces.

Inventory:

Hand Weapons
 g - the +5 dagger "Amicyuse" {vamp, rF++ rC+ Str+4, unknown}
   (You found it on level 4 of the Dungeon)

   It inflicts no extra harm, but heals its wielder when it wounds a living foe.
   It affects your strength (+4).
   It greatly protects you from fire.
   It protects you from cold.
 r - a +1 whip of draining
 B - a +4 mace of protection (weapon)
 G - a +2 quarterstaff of chaos
Armour
 a - a +0 robe (worn)
 s - a +0 cloak
 H - a +2 cloak of invisibility (worn)
Jewellery
 p - a ring of wizardry (left hand)
 A - a cursed -3 ring of evasion
Wands
 l - a wand of acid (11/15)
 E - a wand of flame (9/48)
Scrolls
 f - 2 scrolls of enchant weapon
 h - a scroll of teleportation
 j - 2 scrolls of fear
 n - a scroll of remove curse
Potions
 d - 5 potions of might
 k - 2 potions of degeneration
 m - a potion of mutation
 o - a potion of heal wounds
 q - 2 potions of cure mutation
 t - a potion of lignification
 v - a potion of berserk rage
 F - a potion of beneficial mutation
Books
 b - a book of Conjurations

   Spells                             Type                      Level
   a - Magic Dart                     Conjuration                  1
   b - Searing Ray                    Conjuration                  2
   c - Dazzling Spray                 Conjuration/Hexes            3
   d - Fulminant Prism                Conjuration/Hexes            4
   e - Iskenderun's Mystic Blast      Conjuration                  4
   f - Iskenderun's Battlesphere      Conjuration/Charms           5
 u - the Almanac of Attacks
   (You found it on level 5 of the Dungeon)

   Spells                             Type                      Level
   a - Sting                          Conjuration/Poison           1
   b - Throw Frost                    Conjuration/Ice              2
   c - Dazzling Spray                 Conjuration/Hexes            3
   d - Irradiate                      Conjuration/Transmutation    5
 z - a book of Frost

   Spells                             Type                      Level
   a - Freeze                         Ice                          1
   b - Throw Frost                    Conjuration/Ice              2
   c - Ozocubu's Armour               Charms/Ice                   3
   d - Throw Icicle                   Conjuration/Ice              4
   e - Summon Ice Beast               Ice/Summoning                4
 C - a book of Misfortune

   Spells                             Type                      Level
   a - Confusing Touch                Hexes                        1
   b - Confuse                        Hexes                        3
   c - Gell's Gravitas                Hexes/Translocation          3
   d - Petrify                        Transmutation/Earth          4
   e - Metabolic Englaciation         Hexes/Ice                    5
   f - Yara's Violent Unravelling     Hexes/Transmutation          5
Comestibles
 c - 4 bread rations
 i - 4 meat rations
 x - a royal jelly
 I - a beef jerky
 J - 9 chunks of flesh


   Skills:
 - Level 2.4 Dodging
 - Level 2.4 Stealth
 - Level 3.0 Spellcasting
 + Level 11.7 Conjurations


You had 3 spell levels left.
You knew the following spells:

 Your Spells              Type           Power        Failure   Level  Hunger
a - Magic Dart            Conj           ####         1%          1    None
b - Searing Ray           Conj           ######       1%          2    ##.....
c - Dazzling Spray        Conj/Hex       ####..       1%          3    ###....
d - Iskenderun's Mystic   Conj           ######..     1%          4    ####...


Dungeon Overview and Level Annotations

Branches:
Dungeon (6/15)
 Temple: D:4-7

Altars:

Annotations:
D:4 thegunmagnum's ghost, amateur HOFi
D:6 Duvessa


Message History

The gnoll hits you with a club.
You hear a shout!
There is an open door here.
The gnoll hits you with a club.
There is an open door here.
You sock the plant!
The plant is lightly damaged.
Duvessa misses you. The gnoll hits you with a club.
The kobold hits you with a dagger. Duvessa closely misses you.
The gnoll hits you but does no damage.
You hit the plant but do no damage.
The plant is lightly damaged.
Duvessa hits you with a rapier!
* * * LOW HITPOINT WARNING * * *
The kobold closely misses you. Duvessa closely misses you.
The gnoll barely misses you. The kobold misses you.
You hit the plant.
The plant is moderately damaged.
Duvessa hits you with a rapier!
You die...

....####......##
#..#'##..#'##'#
..............#
####........#..
..............#)
#....ยง#####.)..
#..........<#.##'##..####
+.###
#..............').'..#
#..#. #..............#
#.(# #..'.
####e####.....P####.####
##.### #.#
#).....P#K..#..# #..#).
e....# #......P@g..'..#
#..).. e..$|#
#.....###e#.######+#.##'#
######
####..#...#....e.....#..#
#..#..)#..##'#....#).#
#..###'####..##'######
#...#..(..#..#..#
#...#.....#..#..+
#...#.....#''#### ###
#...##)####.....####..


You could see Duvessa (berserk), a gnoll and a kobold.

Vanquished Creatures
  2 ice beasts (D:5)
  2 sky beasts
  A centaur (D:5)
  A bullfrog (D:6)
  A scorpion (D:5)
  Dowan (D:6)
  4 wights (D:6)
  A howler monkey (D:5)
  A crimson imp (D:6)
  A jelly (D:5)
  2 hounds
  Crazy Yiuf (D:6)
  2 orc wizards (D:4)
  An iguana (D:3)
  2 worker ants (D:4)
  2 gnolls (D:6)
  7 adders
  A shadow imp (D:6)
  3 worms
  A dart slug (D:1)
  3 leopard geckos
  19 orcs
  2 ball pythons
  6 giant cockroaches
  8 hobgoblins
  7 jackals
  7 kobolds
  A quokka (D:3)
  9 bats
  4 frilled lizards
  10 goblins
  8 rats
121 creatures vanquished.

Notes
Turn   | Place    | Note
-------+----------+-------------------------------------------
     0 | D:1      | Keye the Deep Elf Conjurer began the quest for the Orb.
     0 | D:1      | Reached XP level 1. HP: 10/10 MP: 6/6
   367 | D:1      | Reached XP level 2. HP: 15/15 MP: 4/8
   371 | D:1      | Learned a level 2 spell: Searing Ray
   402 | D:1      | Reached skill level 5 in Conjurations
  1014 | D:1      | Reached XP level 3. HP: 19/19 MP: 7/9
  1334 | D:2      | Learned a level 3 spell: Dazzling Spray
  2070 | D:3      | Reached skill level 6 in Conjurations
  2411 | D:3      | Noticed a sky beast
  2431 | D:3      | Reached XP level 4. HP: 24/24 MP: 5/10
  2505 | D:3      | Killed a sky beast
  2505 | D:3      | Reached skill level 7 in Conjurations
  2505 | D:3      | Reached XP level 5. HP: 21/28 MP: 5/11
  2568 | D:3      | Learned a level 4 spell: Iskenderun's Mystic Blast
  3168 | D:4      | Got a scorched dagger
  3300 | D:4      | Reached skill level 8 in Conjurations
  3300 | D:4      | Reached XP level 6. HP: 30/32 MP: 5/12
  3987 | D:4      | Noticed thegunmagnum's ghost (amateur HOFi)
  4490 | D:5      | Entered Level 5 of the Dungeon
  4510 | D:5      | Noticed an ice beast
  4522 | D:5      | Killed an ice beast
  4522 | D:5      | Reached skill level 9 in Conjurations
  4663 | D:5      | Identified the Almanac of Attacks
  4670 | D:5      | Noticed a sky beast
  4677 | D:5      | Killed a sky beast
  4677 | D:5      | Reached XP level 7. HP: 24/36 MP: 5/13
  4875 | D:5      | Reached skill level 10 in Conjurations
  5684 | D:6      | Reached skill level 11 in Conjurations
  5684 | D:6      | Reached XP level 8. HP: 32/41 MP: 5/14
  6055 | D:6      | Found a runed door.
  6059 | D:6      | Noticed Crazy Yiuf
  6062 | D:6      | Killed Crazy Yiuf
  6183 | D:6      | Noticed Duvessa
  6183 | D:6      | Noticed Dowan
  6715 | D:6      | Killed Dowan
  6734 | D:6      | Mangled by Duvessa

Skill      XL: |  1  2  3  4  5  6  7 |
---------------+----------------------+-----
Conjurations   | 5 6 7 8 9 11 | 11.7
Dodging        | |  2.4
Stealth        | |  2.4
Spellcasting   | |  3.0

Action                   |  1- 3 |  4- 6 |  7- 9 || total
-------------------------+-------+-------+-------++-------
Melee: Unarmed           |     6 |       |       ||     6
       Whip              |       |     3 |     3 ||     6
       Mace              |       |       |     3 ||     3
 Cast: Magic Dart        |    91 |    61 |    80 ||   232
       Searing Ray       |     3 |    14 |    16 ||    33
       Dazzling Spray    |       |     3 |     1 ||     4
       Iskenderun's Myst |       |       |     1 ||     1
  Use: Scroll            |    10 |     3 |     9 ||    22
  Eat: Chunk             |     4 |     8 |     5 ||    17
       Bread ration      |       |       |     1 ||     1
Armor: Robe              |     3 |     8 |     5 ||    16
Dodge: Dodged            |     6 |    27 |    37 ||    70
